AoeStats
← shamix709

Black Forest

510165000Analyzed
3v3 RM · 1d ago on Sep 29, 2026· 60m 24s· 6 players
Game mode
Random Map
Map size
Normal (6 player)
Population
200
Speed
Normal
Resources
Standard
Victory
Conquest
Starting age
Dark Age
Ending age
Imperial Age
RankedLock teamsTeams togetherTeam positionsShared explorationLock speedFull tech treeHidden civsTurbo modeCheats
Victory
Defeat
🇷🇺 Saracens · Russia
1107
+12
🇷🇺 Persians · Russia
1029
+16
🇷🇺 Britons · Russia
939
+20
🇪🇸 Cumans · Spain
1056
-17
🇫🇷 Koreans · France
1017
-16
🇫🇷 Bohemians · France
991
-15
CH3COOH
11:40 Feudal Age
12:42 Double-Bit Axe
14:22 Horse Collar
19:50 Castle Age
18:42 Wheelbarrow
18:51 Stone Mining
21:01 Bow Saw
23:58 Hand Cart
25:45 Gold Mining
30:36 Imperial Age
29:23 Fletching
29:33 Padded Archer Armor
32:22 Conscription
32:58 Gold Shaft Mining
33:37 Two-Man Saw
33:32 Bodkin Arrow
34:27 Bracer
34:42 Leather Archer Armor
35:18 Forging
35:07 Elite Longbowman
36:40 Ring Archer Armor
36:12 Pikeman
37:26 Ballistics
38:20 Iron Casting
41:14 Blast Furnace
41:50 Chemistry
40:31 Treadmill Crane
41:04 Masonry
40:25 Elite Skirmisher
40:33 Halberdier
41:57 Squires
43:33 Scale Mail Armor
43:38 Scale Barding Armor
45:40 Arrowslits
47:03 Architecture
48:06 Husbandry
47:27 Light Cavalry
49:01 Chain Mail Armor
48:51 Scale Barding Armor
shamix709
2:33 Loom
13:35 Feudal Age
14:15 Double-Bit Axe
14:40 Arson
14:16 Man-at-Arms
15:14 Gold Mining
17:19 Forging
20:12 Horse Collar
21:36 Wheelbarrow
25:35 Castle Age
25:11 Fletching
26:43 Bow Saw
33:35 Caravan
34:48 Gold Shaft Mining
37:35 Imperial Age
37:11 Hand Cart
39:52 Bodkin Arrow
43:04 Chemistry
42:59 Arrowslits
43:34 Ballistics
45:34 Siege Engineers
46:52 Conscription
51:17 Two-Man Saw
50:33 Bracer
50:55 Elite Mameluke
52:43 Iron Casting
52:47 Scale Barding Armor
53:55 Hoardings
53:51 Masonry
56:11 Blast Furnace
58:34 Chain Barding Armor
59:37 Bimaristan
59:39 Counterweights
60:17 Plate Barding Armor
gafilter
11:55 Feudal Age
12:06 Man-at-Arms
13:43 Wheelbarrow
12:59 Double-Bit Axe
15:18 Horse Collar
18:34 Scale Mail Armor
19:44 Forging
26:00 Castle Age
24:10 Gold Mining
24:25 Arson
25:05 Stone Mining
28:18 Hand Cart
28:18 Bow Saw
28:15 Heavy Plow
28:58 Gold Shaft Mining
29:02 Stone Shaft Mining
28:30 Caravan
30:01 Kamandaran
31:23 Fletching
31:55 Padded Archer Armor
38:06 Imperial Age
37:08 Bodkin Arrow
38:39 Iron Casting
38:18 Town Watch
38:19 Loom
39:42 Two-Man Saw
39:45 Crop Rotation
42:06 Hoardings
41:53 Conscription
42:42 Ballistics
43:22 Chemistry
42:37 Citadels
42:57 Leather Archer Armor
43:43 Blast Furnace
45:43 Scale Barding Armor
45:54 Chain Mail Armor
46:09 Ring Archer Armor
47:00 Murder Holes
47:16 Masonry
46:55 Elite War Elephant
47:57 Fervor
47:58 Devotion
48:14 Block Printing
48:35 Theocracy
47:56 Herbal Medicine
50:09 Architecture
49:43 Crossbowman
50:28 Thumb Ring
50:43 Bloodlines
50:34 Husbandry
50:54 Fervor
50:58 Elite Skirmisher
52:45 Squires
52:32 Gambesons
52:09 Long Swordsman
52:10 Pikeman
54:32 Plate Mail Armor
54:22 Chain Barding Armor
55:24 Faith
56:47 Town Patrol
57:24 Halberdier
Archtoumtec
0:36 Loom
13:12 Feudal Age
21:53 Castle Age
21:13 Double-Bit Axe
22:10 Crossbowman
23:39 Bow Saw
24:09 Fletching
30:08 Horse Collar
32:30 Stone Mining
37:06 Wheelbarrow
37:42 Bodkin Arrow
44:27 Imperial Age
43:06 Gold Mining
46:16 Chemistry
45:21 Arbalester
48:20 Bracer
50:04 Hand Cart
54:00 Two-Man Saw
54:22 Squires
55:46 Pikeman
56:45 Town Watch
58:53 Scale Barding Armor
58:58 Forging
Mr C
5:39 Loom
11:58 Feudal Age
16:17 Castle Age
14:05 Loom
14:47 Double-Bit Axe
17:37 Bow Saw
17:55 Horse Collar
20:52 Wheelbarrow
22:17 Scale Barding Armor
23:53 Forging
26:14 Chain Barding Armor
26:29 Iron Casting
27:02 Hand Cart
27:18 Husbandry
29:33 Heavy Plow
33:28 Pikeman
37:45 Imperial Age
36:32 Chemistry
35:53 Ballistics
36:28 Wagenburg Tactics
36:20 Fletching
36:55 Squires
38:18 Scale Mail Armor
38:18 Houfnice
39:26 Chain Mail Armor
40:12 Blast Furnace
38:48 Halberdier
43:39 Two-Man Saw
43:07 Conscription
42:30 Elite Skirmisher
45:32 Arson
46:47 Bodkin Arrow
46:52 Padded Archer Armor
47:50 Siege Engineers
48:18 Bracer
48:34 Leather Archer Armor
51:06 Ring Archer Armor
52:04 Plate Mail Armor
fundopando
3:14 Loom
14:21 Feudal Age
17:15 Horse Collar
17:25 Double-Bit Axe
22:11 Wheelbarrow
26:48 Castle Age
25:54 Fletching
26:06 Padded Archer Armor
26:52 Crossbowman
31:45 Elite Skirmisher
34:56 Leather Archer Armor
43:38 Hand Cart
45:55 Town Watch
46:22 Heavy Plow
46:44 Bloodlines
45:55 Light Cavalry
51:10 Scale Barding Armor
51:16 Forging
52:25 Chain Barding Armor
53:41 Iron Casting
Connection lost

Rejoining the realm…

Still unreachable

The connection could not be restored.

Session expired

The server has moved on; the page needs a fresh start.